 Dungeon Crawl Stone Soup version 0.22.0-60-ga52c2fc (webtiles) character file.

4702 jerryfan the Transmogrifier (level 10, -4/84 HPs)
             Began as a Grey Draconian Transmuter on Sept 9, 2018.
             Was a Follower of Sif Muna.
             Slain by an orc warrior
             ... wielding a +0 halberd
              (21 damage)
             ... on level 8 of the Dungeon.
             The game lasted 00:45:38 (9884 turns).

jerryfan the Transmogrifier (DrTm)                  Turns: 9884, Time: 00:45:41

Health: -4/84      AC: 16    Str: 10 (13) XL:     10   Next: 21%
Magic:  8/18       EV: 14    Int: 16 (17) God:    Sif Muna [*.....]
Gold:   223        SH:  0    Dex:  9 (11) Spells: 8/20 levels left

rFire    . . .     SeeInvis .     - Unarmed
rCold    . . .     Gourm    +   (no shield)
rNeg     . . .     Faith    .   (armour unavailable)
rPois    +         Spirit   .   (helmet restricted)
rElec    .         Reflect  .   t - +1 cloak {rPois}
rCorr    .         Harm     .   (no gloves)
MR       .....                  A - +1 pair of boots {Fly}
Stlth    +.........             p - amulet of the gourmand
HPRegen  0.24/turn              w - ring of wizardry
MPRegen  0.16/turn              (no ring)

@: flying
A: walk through water, unfitting armour, unbreathing, cold-blooded, AC +12
a: Divine Energy, Renounce Religion, Stop Flying


You were on level 8 of the Dungeon.
You worshipped Sif Muna.
Sif Muna was aware of your devotion.
You were very full.

You visited 2 branches of the dungeon, and saw 9 of its levels.

You collected 349 gold pieces.
You spent 126 gold pieces at shops.

Inventory:

Missiles
 a - 80 arrows
 D - 2 tomahawks (quivered)
Armour
 t - a +1 cloak of poison resistance (worn)
 A - a +1 pair of boots of flying (worn)
Jewellery
 p - an amulet of the gourmand (around neck)
 q - an uncursed amulet of the acrobat
 w - a ring of wizardry (left hand)
Wands
 r - a wand of flame (18)
 s - a wand of clouds (6)
 v - a wand of iceblast (29)
 C - a wand of acid (3)
 E - a wand of polymorph (5)
Scrolls
 d - 3 scrolls of remove curse
 h - 7 scrolls of teleportation
 i - 2 scrolls of enchant armour
 m - 5 scrolls of identify
 n - a scroll of blinking
 o - a scroll of amnesia
 y - a scroll of magic mapping
Potions
 b - a potion of magic {unknown}
 e - a potion of cancellation {unknown}
 f - a potion of mutation {unknown}
 g - 2 potions of flight
 j - a potion of degeneration
 k - 6 potions of curing
 u - a potion of lignification
 z - a potion of agility
Comestibles
 c - 13 rations
 x - 4 chunks of flesh


   Skills:
 + Level 6.6 Fighting
 + Level 5.7 Dodging
 + Level 6.7 Unarmed Combat
 + Level 5.8 Spellcasting
 * Level 8.9 Transmutations
 - Level 2.1 Poison Magic


You had 8 spell levels left.
You knew the following spells:

 Your Spells              Type           Power        Failure   Level  Hunger
a - Beastly Appendage     Tmut           ####..       1%          1    None
b - Spider Form           Tmut/Pois      ###.......   1%          3    ##.....
c - Sticks to Snakes      Tmut           ####....     1%          2    #......
d - Animate Skeleton      Necr           N/A          6%          1    None
e - Blade Hands           Tmut           ####......   4%          5    ######.

Your spell library contained the following spells:

 Spells                   Type           Power        Failure   Level  Hunger
 Apportation              Tloc           #.....       6%          1    None
 Confusing Touch          Hex            #.....       6%          1    None
 Flame Tongue             Conj/Fire      #....        6%          1    None
 Pain                     Necr           #...         6%          1    None
 Summon Small Mammal      Summ           #...         6%          1    None
 Ice Form                 Ice/Tmut       ###.....     9%          4    ####...
 Regeneration             Chrm/Necr      #.........   16%         3    ##.....
 Vampiric Draining        Necr           #.........   16%         3    ##.....
 Animate Dead             Necr           N/A          45%         4    ####...


Dungeon Overview and Level Annotations

Branches:
Dungeon (8/15)             Temple (1/1) D:4
   Lair: D:8-11

Altars:
Cheibriados
Dithmenos
Elyvilon
Fedhas
Gozag
Hepliaklqana
Kikubaaqudgha
Nemelex Xobeh
Okawaru
Qazlal
Ru
Sif Muna
Trog
Uskayaw
Vehumet
Wu Jian
Xom
Yredelemnul
Zin
The Shining One

Shops:
D:6 [

Annotations:
D:2 exclusion: downstairs
D:3 exclusion: downstairs
D:4 exclusion: downstairs


Innate Abilities, Weirdness & Mutations

You can walk through water.
Your dull iron-grey scales are very hard. (AC +12)
You cannot fit into any form of body armour.
You can survive without breathing.
You are cold-blooded and may be slowed by cold attacks.


Message History

The tomahawk barely misses the orc warrior.
The orc warrior hits you from afar with a halberd.
* * * LOW HITPOINT WARNING * * *
Throwing (i - inventory)
D - 4 tomahawks (quivered)
Press: ? - help, Shift-Dir - straight line, f/p - orc warrior
Aim: an orc warrior, wielding a halberd and wearing a chain mail You throw a tomahawk.
The tomahawk closely misses the orc warrior.
The orc warrior hits you but does no damage.
Throwing (i - inventory)
D - 3 tomahawks (quivered)
Press: ? - help, Shift-Dir - straight line, f/p - orc warrior
Aim: an orc warrior, wielding a halberd and wearing a chain mail You throw a tomahawk.
The tomahawk hits the orc warrior but does no damage.
You feel less wooden.
Your +1 cloak of poison resistance unmelds from your body.
Your +1 pair of boots of flying unmelds from your body.
You feel resistant to poison.
You fly up into the air.
The orc warrior hits you from afar with a halberd!!
You die...

###.# #.#...... ..#.# #.#......
#.#.# #.#...... #S#.# #.#......
#S#.# #.#....[.
.#############@#.# #.#......
.............#)#.######.#......
.............o..%).))..(>......
######.oF.....#..%...#.#......
#.####.########.#.#######
#.#...(.........#.#....#
##)#.##.##########.#.##.#
###oF#.##..... ..#.##.#
#.[....##....# #######.##.#


You could see an orc warrior, a friendly water moccasin and a friendly adder.

Vanquished Creatures
  Pikel (D:6)
  A hornet (D:8)
  Prince Ribbit (D:7)
  Sigmund (D:4)
  Menkaure (D:6)
  Edmund (D:4)
  Duvessa (D:6)
  A porcupine (D:8)
  2 orc warriors (D:8)
  An ice beast (D:5)
  A black bear (D:8)
  2 phantoms
  A necrophage (D:5)
  2 sky beasts
  4 centaurs
  A big kobold (D:8)
  5 bullfrogs
  Dowan (D:6)
  4 scorpions
  A jelly (D:6)
  4 crimson imps
  A bullfrog zombie (D:5)
  A quasit (D:7)
  Crazy Yiuf (D:3)
  3 hounds
  8 orc wizards
  4 orc priests
  2 bullfrog skeletons
  Natasha (thrice) (D:2)
  An iguana (D:3)
  A worker ant (D:4)
  2 hound skeletons
  Robin (D:2)
  A howler monkey skeleton (D:5)
  A worker ant zombie (D:5)
  9 adders
  A shadow imp (D:2)
  2 oozes
  An adder zombie (D:7)
  An adder skeleton (D:7)
  7 worms
  2 dart slugs (D:1)
  7 leopard geckos
  19 orcs
  6 bats
  7 giant cockroaches
  16 goblins
  12 hobgoblins
  9 jackals
  3 quokkas
  A ball python (D:3)
  5 frilled lizards
  A jackal skeleton (D:8)
  21 kobolds
  A leopard gecko skeleton (D:6)
  A leopard gecko zombie (D:6)
  A quokka zombie (D:6)
  14 rats
214 creatures vanquished.

Vanquished Creatures (collateral kills)
  Grinder (D:3)
  Eustachio (D:4)
  An ogre (D:5)
  Jessica (D:3)
  Ijyb (D:3)
  Terence (D:3)
  A worker ant (D:5)
  2 orcs
  A goblin (D:3)
  A hobgoblin (D:2)
11 creatures vanquished.

Vanquished Creatures (others)
  2 fungi (D:8)
2 creatures vanquished.

Grand Total: 227 creatures vanquished

Notes
Turn   | Place    | Note
-------+----------+-------------------------------------------
     0 | D:1      | jerryfan the Draconian Transmuter began the quest for the
                  | Orb.
     0 | D:1      | Reached XP level 1. HP: 16/16 MP: 3/3
    94 | D:1      | Reached XP level 2. HP: 22/23 MP: 3/5
   542 | D:1      | Reached XP level 3. HP: 20/28 MP: 4/6
   703 | D:1      | Learned a level 3 spell: Spider Form
  1094 | D:2      | Reached skill level 3 in Transmutations
  1372 | D:2      | Learned a level 2 spell: Sticks to Snakes
  1442 | D:2      | Reached XP level 4. HP: 21/36 MP: 7/7
  1506 | D:2      | Noticed Robin
  1530 | D:2      | Killed Robin
  1869 | D:2      | Noticed Natasha
  1899 | D:2      | Killed Natasha
  1975 | D:2      | Noticed Natasha
  1992 | D:2      | Killed Natasha
  1992 | D:2      | Reached skill level 1 in Poison Magic
  1992 | D:2      | Reached XP level 5. HP: 10/42 MP: 8/8
  2440 | D:2      | Noticed Natasha
  2453 | D:2      | Killed Natasha
  2634 | D:3      | Noticed Jessica
  2637 | D:3      | Noticed Ijyb
  2650 | D:3      | Killed Jessica
  2668 | D:3      | Killed Ijyb
  2707 | D:3      | Learned a level 1 spell: Animate Skeleton
  2729 | D:3      | Noticed Grinder
  2911 | D:3      | Reached XP level 6. HP: 41/50 MP: 10/10
  3054 | D:3      | Noticed Terence
  3309 | D:3      | Killed Terence
  3406 | D:3      | Reached skill level 4 in Transmutations
  3436 | D:3      | Found a runed door.
  3440 | D:3      | Noticed Crazy Yiuf
  3450 | D:3      | Killed Crazy Yiuf
  3710 | D:3      | Killed Grinder
  3909 | D:4      | Noticed Eustachio
  3920 | D:4      | Your scales start taking on a dull iron-grey colour.
  3920 | D:4      | Reached XP level 7. HP: 53/57 MP: 9/11
  3920 | D:4      | Gained mutation: You can survive without breathing. [Grey
                  | Draconian growth]
  4887 | D:4      | Reached skill level 5 in Transmutations
  5022 | D:4      | Found a shimmering altar of Xom.
  5570 | D:4      | Killed Eustachio
  5601 | D:4      | Noticed Sigmund
  5665 | D:3      | Reached XP level 8. HP: 66/66 MP: 10/13
  5709 | D:4      | Killed Sigmund
  5868 | D:4      | Noticed Edmund
  5888 | D:4      | Killed Edmund
  5888 | D:4      | Reached skill level 6 in Transmutations
  6102 | D:4      | Learned a level 5 spell: Blade Hands
  6249 | D:4      | Found a staircase to the Ecumenical Temple.
  6261 | Temple   | Entered the Ecumenical Temple
  6560 | D:5      | Entered Level 5 of the Dungeon
  6611 | D:5      | Reached skill level 5 in Unarmed Combat
  6916 | D:4      | Reached skill level 5 in Fighting
  7373 | D:5      | Found a hazy altar of Hepliaklqana.
  7688 | D:6      | Reached XP level 9. HP: 62/74 MP: 9/15
  7731 | D:6      | Noticed Pikel
  7749 | D:6      | Killed Pikel
  7749 | D:6      | Reached skill level 7 in Transmutations
  7803 | D:6      | Found a deep blue altar of Sif Muna.
  7809 | D:6      | Became a worshipper of Sif Muna the Loreminder
  7818 | D:6      | Identified Sif Muna's Guide on Heat
  7941 | D:6      | Reached skill level 5 in Spellcasting
  7991 | D:6      | Noticed Menkaure
  8000 | D:6      | Killed Menkaure
  8014 | D:6      | Reached skill level 5 in Dodging
  8127 | D:6      | Found Ytosuox's Armour Boutique.
  8135 | D:6      | Bought a +0 pair of boots of flying for 126 gold pieces
  8491 | D:6      | Noticed Duvessa
  8505 | D:6      | Killed Duvessa
  8509 | D:6      | Noticed Dowan
  8516 | D:6      | Killed Dowan
  8524 | D:6      | Reached skill level 8 in Transmutations
  8635 | D:7      | Reached * piety under Sif Muna
  8657 | D:7      | Found a white marble altar of Elyvilon.
  8832 | D:7      | Noticed Prince Ribbit
  8841 | D:7      | Killed Prince Ribbit
  9052 | D:7      | Found an opulent altar of Gozag.
  9161 | D:7      | Found an ornate altar of the Wu Jian Council.
  9161 | D:7      | Found a snail-covered altar of Cheibriados.
  9164 | D:7      | Found a sacrificial altar of Ru.
  9576 | D:8      | Reached XP level 10. HP: 84/84 MP: 12/18
  9884 | D:8      | Slain by an orc warrior

Skill      XL: |  1  2  3  4  5  6  7  8  9 |
---------------+----------------------------+-----
Dodging        | 2 3 4 5 |  5.7
Transmutations | 3 4 5 6 8 |  8.9
Fighting       | 2 3 4 5 6 |  6.6
Poison Magic   | 1 2 |  2.1
Unarmed Combat | 4 5 6 |  6.7
Spellcasting   | 3 4 5 |  5.8

Action                   |  1- 3 |  4- 6 |  7- 9 | 10-12 || total
-------------------------+-------+-------+-------+-------++-------
Melee: Unarmed           |   162 |   279 |   664 |    68 ||  1173
       Tailslap          |    14 |    25 |    67 |     3 ||   109
       Headbutt          |     7 |     1 |     2 |       ||    10
       Kick              |     2 |     4 |    18 |       ||    24
       Punch             |     1 |     2 |     7 |       ||    10
Throw: Tomahawk          |       |       |       |     3 ||     3
 Cast: Beastly Appendage |    10 |     6 |     8 |       ||    24
       Spider Form       |     1 |     5 |     5 |       ||    11
       Sticks to Snakes  |       |    16 |    19 |     3 ||    38
       Animate Skeleton  |       |     1 |     2 |     3 ||     6
       Blade Hands       |       |       |    16 |     5 ||    21
Evoke: Wand              |       |     1 |     6 |       ||     7
  Use: Scroll            |     1 |     5 |    10 |       ||    16
       Potion            |       |     2 |     1 |     4 ||     7
 Stab: Sleeping          |     1 |       |     3 |       ||     4
       Distracted        |       |     1 |       |       ||     1
       Invisible         |       |       |     4 |       ||     4
  Eat: Chunk             |     1 |    22 |    24 |     3 ||    50
Armor: Skin              |    43 |    52 |   252 |    48 ||   395
Dodge: Dodged            |   100 |   155 |   480 |    46 ||   781
